 Dungeon Crawl Stone Soup version 0.21-a0-401-g0b6bec4 (webtiles) character file.

34 KristoblXynda the Conjurer (level 3, -1/26 HPs)
             Began as a Draconian Conjurer on Oct 22, 2017.
             Slain by a kobold
             ... wielding a +0 short sword
              (5 damage)
             ... on level 2 of the Dungeon.
             The game lasted 00:04:06 (1376 turns).

KristoblXynda the Conjurer (Draconian Conjurer)     Turns: 1376, Time: 00:04:06

Health: -1/26      AC:  5    Str: 11    XL:     3   Next: 14%
Magic:  0/6        EV: 12    Int: 15    God:
Gold:   98         SH:  0    Dex: 15    Spells: 6/7 levels left

rFire    . . .     SeeInvis .     - Unarmed
rCold    . . .     Gourm    .   (no shield)
rNeg     . . .     Faith    .   (armour unavailable)
rPois    .         Spirit   +   (helmet restricted)
rElec    .         Reflect  .   (no cloak)
rCorr    .         Harm     .   (no gloves)
MR       .....                  (no boots)
Stlth    ++........             j - amulet of guardian spirit (curse)
HPRegen  0.08/turn              h - +4 ring of dexterity
MPRegen  0.10/turn              (no ring)

@: lethally poisoned (-1 -> -4)
A: unfitting armour, cold-blooded, AC +5
a: no special abilities


You were on level 2 of the Dungeon.
You were not hungry.

You visited 1 branch of the dungeon, and saw 2 of its levels.

You collected 98 gold pieces.

Inventory:

Jewellery
 h - a +4 ring of dexterity (left hand)
 j - a cursed amulet of guardian spirit (around neck)
Scrolls
 c - a scroll of amnesia {unknown}
 f - a scroll of teleportation {unknown}
 i - a scroll of identify {unknown}
Potions
 d - a potion of curing
Books
 a - a book of Conjurations

   Spells                             Type                      Level
   a - Magic Dart                     Conjuration                  1
   b - Searing Ray                    Conjuration                  2
   c - Dazzling Spray                 Conjuration/Hexes            3
   d - Fulminant Prism                Conjuration/Hexes            4
   e - Force Lance                    Conjuration/Translocation    4
   f - Iskenderun's Mystic Blast      Conjuration                  4
Comestibles
 b - a bread ration


   Skills:
 - Level 1.7 Dodging
 - Level 1.7 Stealth
 + Level 1.4 Unarmed Combat
 + Level 2.5 Spellcasting
 + Level 4.3 Conjurations


You had 6 spell levels left.
You knew the following spells:

 Your Spells              Type           Power        Failure   Level  Hunger
a - Magic Dart            Conj           ###.         3%          1    #......


Dungeon Overview and Level Annotations

Branches:
Dungeon (2/15)

Altars:

Annotations:
D:2 Sigmund


Innate Abilities, Weirdness & Mutations

Your plain brown scales are hard. (AC +5)
You cannot fit into any form of body armour.
You are cold-blooded and may be slowed by cold attacks.


Message History

You feel sick.
Found a coppery potion and a potion of heal wounds.
A kobold comes into view. It is wielding a short sword.
* * * LOW HITPOINT WARNING * * *
You feel sick.
A jackal comes into view.
The hobgoblin closely misses you.
Found a club.
* * * LOW HITPOINT WARNING * * *
You feel sick.
Unknown command.
The kobold shouts!
The jackal barks!
You hear a bark!
You hear an angry hiss.
The giant cockroach waves its antennae.
The hobgoblin hits you.
A jackal comes into view.
A quokka comes into view.
You see here a potion of curing.
d - a potion of curing The jackal closely misses you.
The kobold hits you with a short sword.
You die...

#s#...# #†##..#
#.....#
###########.w.#
#.............#
#........g..#...#
###..!...Ks...#>....#
...)..K....g..#.#....
......h@gK....# #####
...h.!######### .r..#
... .


You could see a dart slug, a quokka, 2 jackals, a giant cockroach, 3 hobgoblins
and 3 kobolds.

Vanquished Creatures
  An adder (D:2)
  A dart slug (D:1)
  4 goblins (D:1)
  2 hobgoblins (D:1)
  3 kobolds
  5 bats
  2 frilled lizards (D:1)
  7 rats (D:1)
25 creatures vanquished.

Notes
Turn   | Place    | Note
-------+----------+-------------------------------------------
     0 | D:1      | KristoblXynda the Draconian Conjurer began the quest for the Orb.
     0 | D:1      | Reached XP level 1. HP: 14/14 MP: 3/3
     2 | D:1      | Noticed a demigod
     4 | D:1      | Noticed a demonspawn
     4 | D:1      | Noticed a human
     6 | D:1      | Noticed an elf
     6 | D:1      | Noticed a halfling
     8 | D:1      | Noticed a merfolk
     8 | D:1      | Noticed a gargoyle
    10 | D:1      | Noticed a ghoul
    10 | D:1      | Noticed a tengu
    12 | D:1      | Noticed an octopode
    14 | D:1      | Noticed a dwarf
    16 | D:1      | Noticed a vine stalker
    16 | D:1      | Noticed an ogre
    18 | D:1      | Noticed a felid
    18 | D:1      | Noticed a centaur
    20 | D:1      | Noticed a naga
    22 | D:1      | Noticed a formicid
    22 | D:1      | Noticed a spriggan
    24 | D:1      | Noticed a draconian
    24 | D:1      | Noticed a troll
    26 | D:1      | Noticed a minotaur
    26 | D:1      | Noticed a vampire
   145 | D:1      | Reached XP level 2. HP: 15/20 MP: 0/5
   407 | D:1      | Reached skill level 1 in Unarmed Combat
  1234 | D:2      | Noticed Sigmund
  1364 | D:2      | Reached XP level 3. HP: 8/26 MP: 0/6
  1376 | D:2      | Slain by a kobold

Vault maps used:
D:1:      kb_arrival_jail, minmay_statues_item, corner_web_ring
D:2:      marbit_many_paths, uniq_terence, uniq_sigmund

Skill      XL: |  1  2 |
---------------+-------+-----
Unarmed Combat | 1 |  1.4
Dodging        | |  1.7
Stealth        | |  1.7
Spellcasting   | |  2.5
Conjurations   | |  4.3

Action                   || total
-------------------------++-------
Melee: Unarmed           ||    77
       Tailslap          ||     8
 Cast: Magic Dart        ||    37
  Use: Potion            ||     4
  Eat: Meat ration       ||     1
Armor: Skin              ||    49
Dodge: Dodged            ||   106

Table legend:
 A = Spawn XP
 B = Non-spawn XP
 C = Spawn XP percentage of total XP
 D = Spawn monster count
 E = Non-spawn monster count
 F = Spawn count percentage of total count
 G = Total turns spent on level
                    A         B        C        D         E        F      G
               +---------+---------+-------+---------+---------+-------+---------
         Total |       0 |      49 |   0.0 |       0 |      25 |   0.0 |  1376
               +---------+---------+-------+---------+---------+-------+---------
           D:1 |       0 |      33 |   0.0 |       0 |      22 |   0.0 |  1201
           D:2 |       0 |      16 |   0.0 |       0 |       3 |   0.0 |   175
               +---------+---------+-------+---------+---------+-------+---------
